 Dungeon Crawl Stone Soup version 0.30-a0-339-g89bb51ec76 (webtiles) character file.

Game seed: 15045320142121783590

2396 Lobster4 the Grappler (level 9, -1/82 (88) HPs)
             Began as a Troll Monk on Oct 31, 2022.
             Was a Priest of Wu Jian.
             Slain by a wight
             ... wielding a +2 halberd
              (15 damage)
             ... on level 7 of the Dungeon.
             The game lasted 00:20:20 (5418 turns).

Lobster4 the Grappler (Troll Monk)                  Turns: 5418, Time: 00:20:21

HP:   -1/82 (88)    AC:  4    Str: 25    XL:     9   Next: 22%
MP:   0/8           EV: 10    Int:  6    God:    Wu Jian [***...]
Gold: 280           SH:  0    Dex: 12    Spells: 8/8 levels left

rFire   . . .      SeeInvis .      - Unarmed
rCold   . . .      Faith    .    (no shield)
rNeg    . . .      Spirit   +    a - +0 robe
rPois   .          Reflect  .    (helmet restricted)
rElec   .          Harm     .    O - scarf {+Inv}
rCorr   .          Rampage  .    (gloves unavailable)
Will    .....                    (boots unavailable)
Stlth   ++........               q - amulet of guardian spirit
HPRegen 1.13/turn                o - ring of flight
MPRegen 0.11/turn                (no ring)

@: flying, hasted, drained, very quick
A: large, unfitting armour, claws 3, regeneration 1, shaggy fur 1, tough skin 1
a: Renounce Religion, Evoke Invisibility, Wall Jump, Serpent's Lash


You were on level 7 of the Dungeon.
You worshipped Wu Jian.
Wu Jian was most pleased with you.
You visited 1 branch of the dungeon, and saw 7 of its levels.
You also visited: Ossuary.

You collected 448 gold pieces.
You spent 168 gold pieces at shops.

Inventory:

Hand Weapons
 b - a +0 sling
 y - a +0 giant spiked club
 z - a +3 whip of electrocution
 G - a +3 flail
 N - a +0 shortbow
Missiles
 h - 46 stones
 w - 5 curare-tipped darts
 A - a throwing net
 K - 3 boomerangs (quivered)
 L - 2 atropa-tipped darts
 M - 21 poisoned darts
Armour
 a - a +0 robe (worn)
 O - a scarf of invisibility (worn)
Magical Staves
 r - a staff of conjuration
Jewellery
 o - a ring of flight (left claw)
 q - an amulet of guardian spirit (around neck)
Wands
 k - a wand of iceblast (13)
 F - a wand of flame (8)
Scrolls
 c - a scroll of enchant armour {unknown}
 e - a scroll of summoning {unknown}
 f - 2 scrolls of immolation
 g - 2 scrolls of fear
 j - a scroll of noise {unknown}
 m - a scroll of butterflies
 s - a scroll of amnesia {unknown}
 u - a scroll of magic mapping {unknown}
 v - a scroll of vulnerability {unknown}
 x - 3 scrolls of blinking
 B - 2 scrolls of silence
 C - 2 scrolls of enchant weapon {unknown}
 E - 3 scrolls of teleportation {unknown}
 I - a scroll of poison {unknown}
 J - a scroll of identify
Potions
 d - 3 potions of ambrosia
 i - a potion of heal wounds
 l - a potion of curing
 n - a potion of cancellation
 p - a potion of berserk rage
 D - 2 potions of lignification
 H - 2 potions of might {unknown}


   Skills:
 + Level 5.3 Fighting
 - Level 3.0 Maces & Flails
 - Level 1.0 Ranged Weapons
 - Level 3.0 Throwing
 - Level 1.0 Armour
 - Level 3.0 Dodging
 - Level 1.0 Stealth
 * Level 8.8 Unarmed Combat
 + Level 3.0 Evocations


You had 8 spell levels left.
You didn't know any spells.
Your spell library contained the following spells:

 Spells                   Type           Power      Damage    Failure   Level
 Apportation              Tloc           0%         N/A       45%         1
 Necrotise                Necr           0%         1d4       45%         1
 Summon Small Mammal      Summ           0%         N/A       45%         1
 Alistair's Intoxication  Tmut/Pois      0%         N/A       100%        5


Dungeon Overview and Level Annotations

Branches:
Dungeon (7/15)             Temple (0/1) D:6         Ossuary (visited)

Altars:
Ashenzari
Elyvilon
Gozag
Makhleb
Ru
Wu Jian
Yredelemnul

Shops:
D:5 *[=?

Annotations:
D:6 1 runed translucent door, Paroid's ghost, novice AtRe
D:7 Joseph


Innate Abilities, Weirdness & Mutations

You are too large for most types of armour.
You have claws for hands.
Your natural rate of healing is unusually fast.
You are covered in fur. (AC +1)
You have tough skin. (AC +1)


Message History

A gnoll is nearby!
The gnoll shouts!
You lunge at the gnoll, in a flurry of attacks.
You completely miss the gnoll. You claw the gnoll! Your claw misses the gnoll.
The gnoll is severely wounded.
A wight comes into view. It is wielding a +2 halberd.
The gnoll hits you with a +0 club.
You claw the gnoll!
You kill the gnoll!
The Council accepts your kill.
A wight comes into view. It is wielding a +3 dagger of freezing.
You lunge at the wight.
You scratch the wight but do no damage. The wight hits you with a +2 halberd!
You feel drained.
The wight moves out of view.
Things that are here:
a +0 club; a potion of curing You closely miss the wight.
The wight hits you with a +2 halberd!
You scratch the wight but do no damage.
A wight comes into view. It is wielding a +4 halberd.
The wight closely misses you.
You closely miss the wight. You scratch the wight. Your claw misses the wight.
The wight is moderately damaged.
The wight hits you with a +2 halberd!
You scratch the wight.
The wight is heavily damaged.
The wight hits you with a +2 halberd!
You barely miss the wight.
The wight is heavily damaged.
The wight hits you with a +2 halberd!
* * * LOW HITPOINT WARNING * * *
You feel drained.
* * * LOW HITPOINT WARNING * * *
You feel yourself speed up. The wight barely misses you.
The wight hits you with a +3 dagger of freezing!
* * * LOW HITPOINT WARNING * * *
The wight freezes you.
* * * LOW HITPOINT WARNING * * *
The wight hits you with a +2 halberd!
You die...

..#..........#)###.########
...# ... #.......###<..).
##..##..).......
##....######### ###...# ##
######..## #...........####
######z#########....#
......z@.......####^#
#####z########.# #.### ..
#.# #...# ... #.# ###.# #..
#.# #.## #. #.# #..# # #.#
##.. #.# ######. #.#
#...###


You could see 3 wights.

Vanquished Creatures
  Grinder (D:5)
  Sigmund (D:5)
  3 water moccasins (D:6)
  2 ice beasts
  2 ogres
  A centaur (D:7)
  A phantom (D:6)
  2 kobold brigands (D:7)
  3 scorpions (D:5)
  3 water moccasin zombies (Ossuary)
  2 howler monkeys
  An orc priest (D:5)
  2 gnoll boudas
  6 hounds
  An iguana (D:5)
  An orc wizard (D:5)
  2 mummies (Ossuary)
  12 gnolls
  9 adders
  A white imp (D:6)
  An ufetubus (D:6)
  6 adder zombies (Ossuary)
  A worm (D:2)
  A dart slug (D:1)
  22 orcs
  2 bats (D:1)
  4 endoplasms
  2 giant cockroaches
  5 gnoll zombies (Ossuary)
  7 goblins
  13 hobgoblins
  22 kobolds
  4 quokkas
  2 ball pythons
  2 frilled lizards
  3 hobgoblin zombies (Ossuary)
  4 kobold zombies (Ossuary)
  3 orc zombies (Ossuary)
  3 rats
163 creatures vanquished.

Vanquished Creatures (others)
  2 plants (D:5)
2 creatures vanquished.

Grand Total: 165 creatures vanquished

Notes
Turn   | Place    | Note
-------+----------+-------------------------------------------
     0 | D:1      | Lobster4 the Troll Monk began the quest for the Orb.
     0 | D:1      | Reached XP level 1. HP: 22/22 MP: 0/0
   220 | D:1      | Reached XP level 2. HP: 29/29 MP: 1/1
  1010 | D:2      | Reached XP level 3. HP: 36/36 MP: 2/2
  1119 | D:2      | Found an opulent altar of Gozag.
  1624 | D:3      | Found a faded altar of an unknown god.
  1635 | D:3      | Found a broken altar of Ashenzari.
  1946 | D:4      | Reached skill level 4 in Unarmed Combat
  1946 | D:4      | Reached XP level 4. HP: 44/44 MP: 3/3
  2173 | D:4      | Reached skill level 1 in Ranged Weapons
  2249 | D:4      | Found a sacrificial altar of Ru.
  2409 | D:4      | Noticed an ogre
  2420 | D:4      | Killed an ogre
  2421 | D:4      | Reached XP level 5. HP: 47/53 MP: 2/4
  2464 | D:4      | Found Teshraw's Armour Shop.
  2532 | D:4      | Found an ornate altar of the Wu Jian Council.
  2568 | D:5      | Entered Level 5 of the Dungeon
  2581 | D:5      | Reached skill level 1 in Throwing
  2702 | D:5      | Reached XP level 6. HP: 61/61 MP: 5/5
  2703 | D:5      | Reached skill level 5 in Unarmed Combat
  2711 | D:5      | Found Nuivayteum's Assorted Antiques.
  2754 | D:5      | Reached skill level 1 in Evocations
  2848 | D:5      | Found a sand-covered staircase.
  2858 | Ossuary  | Entered an ossuary
  2875 | Ossuary  | Reached skill level 1 in Maces & Flails
  2971 | Ossuary  | Reached XP level 7. HP: 57/67 MP: 3/6
  3183 | D:5      | Noticed Grinder
  3250 | D:5      | Found Dilui's Jewellery Shoppe.
  3316 | D:5      | Reached skill level 6 in Unarmed Combat
  3382 | D:5      | Found a white marble altar of Elyvilon.
  3435 | D:5      | Paralysed by Grinder for 4 turns
  3443 | D:5      | Paralysed by Grinder for 3 turns
  3450 | D:5      | Killed Grinder
  3478 | D:4      | Found a burning altar of Makhleb.
  3483 | D:4      | Became a worshipper of the Wu Jian Council
  3483 | D:4      | Reached * piety under Wu Jian
  3483 | D:4      | Reached ** piety under Wu Jian
  3506 | D:5      | Found Kopn's Magic Scroll Shop.
  3511 | D:5      | Bought a scroll of blinking for 97 gold pieces
  3511 | D:5      | Bought a scroll of immolation for 52 gold pieces
  3537 | D:5      | Found a basalt altar of Yredelemnul.
  3678 | D:5      | Noticed Sigmund
  3686 | D:5      | Reached skill level 1 in Armour
  3686 | D:5      | Reached XP level 8. HP: 62/78 MP: 5/7
  3690 | D:5      | Killed Sigmund
  3725 | D:5      | Found Coni's Armour Boutique.
  3956 | D:5      | Bought a scroll labelled WYXKUA COSYISONT for 19 gold
                  | pieces
  4094 | D:6      | Reached skill level 7 in Unarmed Combat
  4112 | D:6      | Found a runed translucent door.
  4115 | D:6      | Noticed Paroid's ghost (novice AtRe)
  4212 | D:6      | Found a staircase to the Ecumenical Temple.
  4750 | D:6      | Reached skill level 5 in Fighting
  4750 | D:6      | Reached skill level 8 in Unarmed Combat
  4750 | D:6      | Reached XP level 9. HP: 83/88 MP: 6/8
  4930 | D:7      | Noticed Joseph
  5176 | D:7      | Reached *** piety under Wu Jian
  5418 | D:7      | Slain by a wight

Illustrated notes

Levels and vault maps discovered:
D:1:      heliophobic_arrival_henge, layout_basic, serial_bayou,
          serial_bayou_ford_a, serial_bayou_shore_a, serial_bayou_crossing,
          serial_bayou_pond_d
D:2:      layout_basic, basic_altar, kennysheep_generic_room_15
D:3:      layout_rooms, ashenzari_altar_1, ebering_ecumenical_altar_hall
D:4:      layout_cave_pools, nicolae_overflow_hidden_temple, serial_shops,
          kennysheep_mini_moat, grunt_ministairs_4
D:5:      corexii_shack_village, layout_basic, kennysheep_ying_yang,
          lightli_ossuary_entry_decrepit_ruins, serial_shops,
          nicolae_stop_n_shop_1, nicolae_shop_crystal, shop, shop, uniq_sigmund,
          uniq_grinder
D:6:      layout_basic, minmay_temple_entry_grid, ebering_ghost_sewer_d
D:7:      layout_basic, uniq_joseph

Skill      XL: |  1  2  3  4  5  6  7  8 |
---------------+-------------------------+-----
Unarmed Combat | 4 5 6 8 |  8.8
Fighting       | 3 4 5 |  5.3
Dodging        | 3 |  3.0
Ranged Weapons | 1 |  1.0
Throwing       | 1 2 3 |  3.0
Evocations     | 1 2 3 |  3.0
Maces & Flails | 1 2 3 |  3.0
Armour         | 1 |  1.0
Stealth        | |  1.0

Action                   |  1- 3 |  4- 6 |  7- 9 || total
-------------------------+-------+-------+-------++-------
Melee: Unarmed           |    43 |   125 |   231 ||   399
       Punch             |     1 |     3 |    10 ||    14
 Fire: Sling             |    74 |    26 |    14 ||   114
Throw: Dart              |       |     3 |     5 ||     8
       Stone             |       |     4 |     2 ||     6
       Boomerang         |       |       |     7 ||     7
Invok: Lunge             |       |       |    15 ||    15
       Whirlwind         |       |       |     1 ||     1
  Use: Scroll            |       |     6 |     3 ||     9
       Potion            |       |       |     5 ||     5
 Stab: Sleeping          |       |     4 |     3 ||     7
Armor: Robe              |    17 |    25 |    31 ||    73
Dodge: Dodged            |    18 |    63 |    80 ||   161

Table legend: (Time is in decaauts)
 A = Elapsed time spent in this place.
 B = Non-inter-level travel time spent in this place.
 C = Inter-level travel time spent in this place.
 D = Time resting spent in this place.
 E = Time spent auto-exploring this place.
 F = Levels seen in this place.
 G = Mean time per level.
                   A        B        C        D        E       F      G
               +--------+--------+--------+--------+--------+-----+--------+
         Total |   5433 |   5096 |    337 |     88 |   3625 |   8 |  679.1 |
       Dungeon |   5231 |   4894 |    337 |     75 |   3610 |   7 |  747.3 |
       Ossuary |    202 |    202 |      0 |     13 |     15 |   1 |  202.0 |
               +--------+--------+--------+--------+--------+-----+--------+

Top non-repeatable levels by time:
     D:5: 1152 daAuts
     D:6: 937 daAuts
     D:1: 841 daAuts
     D:2: 717 daAuts
     D:4: 688 daAuts
     D:7: 469 daAuts
     D:3: 424 daAuts
 Ossuary: 202 daAuts
